 Dungeon Crawl Stone Soup version 0.31-a0-408-gb642c7f9a3 (webtiles) character file.

Game seed: 5137142212891704683

1705 LeprechaunX the Mimic (level 9, -1/58 HPs)
             Began as an Octopode Shapeshifter on July 30, 2023.
             Slain by a white imp (2 damage)
             ... on level 6 of the Dungeon.
             The game lasted 00:07:29 (4595 turns).

LeprechaunX the Mimic (Octopode Shapeshifter)       Turns: 4595, Time: 00:07:29

Health: -1/58      AC:  1    Str: 19    XL:     9   Next: 3%
Magic:  9/9        EV: 13    Int: 10    God:
Gold:   270        SH:  0    Dex: 12    Spells: 6/8 levels left

rFire   . .          .
                       - Unarmed
rCold   . . .        (no shield)
rNeg    . . .        (helmet currently unavailable)
rPois   +            w - amulet of regeneration
rElec   .            h - ring of willpower
rCorr   .            n - ring of poison resistance
SInv    .            (no ring)
Will    +....        (no ring)
Stlth   ++           (no ring)
HPRegen 1.09/turn    (no ring)
MPRegen 0.11/turn    (no ring)
                     (no ring)

%: no passive effects
@: lethally poisoned (-1 -> -2), beast-form
A: beast (slay +5), almost no armour, amphibious, 8 rings, camouflage 1,
gelatinous body 1, (nimble swimmer 1), tentacles
a: Begin Untransformation


You were on level 6 of the Dungeon.
You were a hulking beast.
You visited 2 branches of the dungeon, and saw 7 of its levels.
You also visited: Sewer.

You collected 270 gold pieces.

Inventory:

Missiles
 d - a boomerang (quivered)
 o - 2 throwing nets
Jewellery
 h - a ring of willpower (left tentacle)
 n - a ring of poison resistance (right tentacle)
 w - an amulet of regeneration (around mantle)
Talismans
 b - a beast talisman
Wands
 q - a wand of polymorph (7)
 s - a wand of flame (14)
 t - a wand of iceblast (4)
 v - a wand of light (7)
Scrolls
 c - 5 scrolls of teleportation {unknown}
 f - 6 scrolls of identify {unknown}
 i - a scroll of enchant armour {unknown}
 k - a scroll of vulnerability {unknown}
 l - a scroll of noise {unknown}
 m - a scroll of amnesia {unknown}
 r - a scroll of torment {unknown}
 x - a scroll of immolation {unknown}
 y - a scroll of fear {unknown}
Potions
 a - a potion of might {unknown}
 e - a potion of degeneration {unknown}
 g - 3 potions of curing {unknown}
 j - 2 potions of invisibility {unknown}
 p - a potion of ambrosia {unknown}
 u - a potion of heal wounds {unknown}
 z - a potion of attraction {unknown}


   Skills:
 - Level 4.0 Fighting
 - Level 2.0 Dodging
 - Level 6.0 Unarmed Combat
 + Level 8.2 Shapeshifting


You had 6 spell levels left.
You knew the following spells:

 Your Spells              Type           Power      Damage    Failure   Level
a - Wereblood             Tmut           0%         N/A       50%         2

Your spell library contained the following spells:

 Spells                   Type           Power      Damage    Failure   Level
 Slow                     Hex            0%         N/A       36%         1
 Confusing Touch          Hex            0%         N/A       75%         3
 Summon Guardian Golem    Hex/Summ       0%         N/A       75%         3
 Vampiric Draining        Necr           0%         2d6       75%         3
 Irradiate                Conj/Tmut      0%         3d11      100%        5
 Orb of Destruction       Conj           0%         9d5       100%        7
 Spellforged Servitor     Conj/Summ      0%         N/A       100%        7


Dungeon Overview and Level Annotations

Branches:
Dungeon (6/15)             Temple (1/1) D:5           Sewer (visited)

Altars:
Cheibriados
Elyvilon
Fedhas
Makhleb
Okawaru
Sif Muna
Trog
Vehumet
Wu Jian
Yredelemnul
Zin
The Shining One

Shops:
D:2 ?

Annotations:
D:6 Dowan


Innate Abilities, Weirdness & Mutations

You are a hulking beast.
Your limbs bulge with bestial killing power. (Slay +5)
You cannot wear most types of armour.
You are amphibious.
You can wear up to eight rings at the same time.
Your skin changes colour to match your surroundings (Stealth+).
Your rubbery body absorbs attacks. (AC +1, EV +1)
((You are camouflaged when in or above water. (Stealth+)))
You have tentacles for arms and can constrict up to eight enemies at once.


Message History

Your Shapeshifting skill increases to level 8!
You have reached level 9!
Your experience leads to an increase in your attributes!
Increase (S)trength, (I)ntelligence, or (D)exterity?
You feel stronger. x2
The scorpion attacks as you move away! The scorpion misses you.
Dowan hits you with a +0 dagger.
You tentacle-slap Dowan. You grab Dowan.
Dowan is lightly wounded.
You constrict Dowan. Dowan hits you with a +0 dagger. The scorpion stings you.
A steam dragon comes into view.
You release your grip on Dowan.
Dowan casts a spell at you. The shard of ice misses you.
Dowan casts a spell at you. The stone arrow misses you.
You bludgeon the scorpion! You grab the scorpion.
The scorpion is severely wounded.
You constrict the scorpion. The scorpion closely misses you.
You barely miss the scorpion. Your squeeze misses the scorpion.
The scorpion is almost dead.
You constrict the scorpion, but do no damage.
The scorpion stings you!
You are poisoned.
The scorpion poisons you!
Dowan points at you and mumbles some strange words.
The shard of ice hits you!
* * * LOW HITPOINT WARNING * * *
You bludgeon the scorpion!
You kill the scorpion!
You feel sick. Dowan barely misses you.
Unknown command.
You closely miss Dowan. Your grab misses Dowan.
Dowan is moderately wounded.
You feel sick. Dowan hits you with a +0 dagger.
* * * LOW HITPOINT WARNING * * *
The white imp hits you.
* * * LOW HITPOINT WARNING * * *
The white imp freezes you.
You die...

......<.......'.........'.
#####..ยง....###.........##
#.#.###.# ##.......##
#.#...#.# ##.....## #
#)#.#.# ##...## #...###
##+## #.#)# #.e.# #.#h#
#.5.# #.### #...# #.#.#
#...# +.#?# #...# #D#.#


You could see Dowan (fast) and a white imp.

Vanquished Creatures
  Grinder (D:3)
  Duvessa (D:6)
  Pargi (Sewer)
  A black bear (D:6)
  3 ogres
  A phantom (D:6)
  4 scorpions
  8 hounds
  An orc priest (D:5)
  2 iguanas
  A sleepcap (D:6)
  2 orc wizards (D:5)
  7 gnolls
  8 adders
  A white imp (D:4)
  2 worms (D:4)
  2 dart slugs (D:1)
  10 orcs
  7 ball pythons
  6 endoplasms
  6 giant cockroaches
  5 goblins
  7 hobgoblins
  8 jackals
  11 kobolds
  4 quokkas
  4 bats
  5 frilled lizards
  10 rats
129 creatures vanquished.

Notes
Turn   | Place    | Note
-------+----------+-------------------------------------------
     0 | D:1      | LeprechaunX the Octopode Shapeshifter began the quest for
                  | the Orb.
     0 | D:1      | Reached XP level 1. HP: 13/13 MP: 1/1
   132 | D:1      | Reached XP level 2. HP: 12/18 MP: 2/2
   607 | D:1      | Reached XP level 3. HP: 23/23 MP: 3/3
   904 | D:2      | Found the +7 Kryia's mail coat {PotionHeal*2 rC+}
   937 | D:2      | Found a faded altar of an unknown god.
   971 | D:2      | Found Qefunast's Magic Scroll Shop.
  1350 | D:2      | Reached XP level 4. HP: 29/29 MP: 4/4
  1514 | D:3      | Found a glowing silver altar of Zin.
  1682 | D:3      | Noticed a scorpion
  1692 | D:3      | Killed a scorpion
  1693 | D:3      | Reached XP level 5. HP: 22/35 MP: 5/5
  1827 | D:3      | Noticed an ogre
  1836 | D:3      | Killed an ogre
  1837 | D:3      | Reached skill level 5 in Unarmed Combat
  1837 | D:3      | Reached XP level 6. HP: 20/41 MP: 6/6
  2274 | D:3      | Noticed Grinder
  2276 | D:3      | Paralysed by Grinder for 2 turns
  2286 | D:3      | Killed Grinder
  2287 | D:3      | Reached skill level 4 in Shapeshifting
  2287 | D:3      | Reached XP level 7. HP: 7/46 MP: 7/7
  3052 | D:4      | Found a glowing drain.
  3056 | Sewer    | Entered a sewer
  3140 | Sewer    | Noticed Pargi
  3178 | Sewer    | Killed Pargi
  3179 | Sewer    | Reached skill level 5 in Shapeshifting
  3679 | D:4      | Learned a level 2 spell: Wereblood
  3839 | D:5      | Entered Level 5 of the Dungeon
  3901 | D:4      | Reached XP level 8. HP: 35/54 MP: 8/8
  4026 | D:5      | Found a staircase to the Ecumenical Temple.
  4037 | Temple   | Entered the Ecumenical Temple
  4046 | D:5      | Reached skill level 6 in Shapeshifting
  4246 | D:5      | Reached skill level 7 in Shapeshifting
  4575 | D:6      | Noticed Dowan
  4576 | D:6      | Noticed Duvessa
  4582 | D:6      | Killed Duvessa
  4588 | D:6      | Reached skill level 8 in Shapeshifting
  4588 | D:6      | Reached XP level 9. HP: 42/58 MP: 9/9
  4595 | D:6      | HP: 1/58 [white imp (3)]
  4595 | D:6      | Slain by a white imp

Illustrated notes

Levels and vault maps discovered:
D:1:      lightli_arrival_quake, layout_basic
D:2:      layout_loops_cross, shapermc_ecumenical_altar_venn, serial_shops,
          nicolae_shop_rolled_up
D:3:      layout_basic, mainiacjoe_overflow_tiny_flanked, uniq_grinder
D:4:      layout_loops_cross, gup_sewer_entry_spiral, kennysheep_generic_room_9
D:5:      layout_rooms, temple_pool_b
D:6:      layout_loops_corners, nicolae_overflow_hallway_of_the_gods,
          hangedman_minor_gate_pass, uniq_maggie, uniq_duvessa, uniq_pikel
Temple:   minmay_freezing_vapour_temple

Skill      XL: |  1  2  3  4  5  6  7  8 |
---------------+-------------------------+-----
Unarmed Combat | 4 5 6 |  6.0
Fighting       | 2 3 4 |  4.0
Shapeshifting  | 4 5 8 |  8.2
Dodging        | |  2.0

Action                     |  1- 3 |  4- 6 |  7- 9 || total
---------------------------+-------+-------+-------++-------
  Melee: Unarmed           |    61 |    58 |   137 ||   256
         Tentacles         |    11 |    11 |    27 ||    49
         Constrict         |    12 |    11 |    35 ||    58
         Punch             |     2 |       |     7 ||     9
  Throw: Boomerang         |       |     6 |    36 ||    42
    Use: Potion            |       |       |     1 ||     1
   Stab: Sleeping          |     9 |     4 |    11 ||    24
 Armour: Skin              |     2 |     1 |     9 ||    12
  Dodge: Dodged            |    20 |    26 |    62 ||   108

Table legend: (Time is in decaauts)
 A = Elapsed time spent in this place.
 B = Non-inter-level travel time spent in this place.
 C = Inter-level travel time spent in this place.
 D = Time resting spent in this place.
 E = Time spent auto-exploring this place.
 F = Levels seen in this place.
 G = Mean time per level.
                   A        B        C        D        E       F      G
               +--------+--------+--------+--------+--------+-----+--------+
         Total |   4584 |   4287 |    297 |    666 |   2654 |   8 |  573.0 |
       Dungeon |   4415 |   4118 |    297 |    666 |   2654 |   6 |  735.8 |
        Temple |      1 |      1 |      0 |      0 |      0 |   1 |    1.0 |
         Sewer |    167 |    167 |      0 |      0 |      0 |   1 |  167.0 |
               +--------+--------+--------+--------+--------+-----+--------+

Top non-repeatable levels by time:
     D:3: 1203 daAuts
     D:4: 1048 daAuts
     D:1: 770 daAuts
     D:2: 719 daAuts
     D:5: 547 daAuts
   Sewer: 167 daAuts
     D:6: 126 daAuts
  Temple: 1 daAuts
